 Dungeon Crawl Stone Soup version 0.19.4-8-ga85b6b9 (webtiles) character file.

2498 Gargoyl the Schismatic (level 9, -2/74 HPs)
             Began as a Ghoul Abyssal Knight on Feb 11, 2017.
             Was an Elder of Lugonu.
             Killed by divine providence
             ... invoked by an orc priest
              (12 damage)
             ... on level 9 of the Dungeon.
             The game lasted 00:19:39 (6666 turns).

Gargoyl the Schismatic (Ghoul Abyssal Knight)       Turns: 6666, Time: 00:19:40

Health: -2/74      AC: 16    Str: 18    XL:     9   Next: 52%
Magic:  12/12      EV:  4    Int:  7    God:    Lugonu [****..]
Gold:   76         SH: 14    Dex: 11    Spells: 0 memorised, 8 levels left

rFire  . . .     SeeInvis .     b - +2 trident (vamp)
rCold  + . .     Gourm    .     v - +1 chain mail
rNeg   + + +     Faith    .     i - +1 large shield
rPois  ∞         Spirit   .     A - +0 helmet
rElec  .         Reflect  .     (no cloak)
rCorr  .         Harm     .     e - +2 pair of gloves
MR     +....                    C - +0 pair of boots
Stlth  ..........               (no amulet)
                                E - +2 ring of strength
                                f - ring of protection from magic

@: rotting
A: rotting body, claws 1, carnivore 3, cold resistance 1, negative energy
resistance 3, slow regeneration 1, torment resistance, unbreathing
a: Depart the Abyss, Bend Space, Banish, Corrupt, Renounce Religion


You were on level 9 of the Dungeon.
You worshipped Lugonu.
Lugonu was greatly pleased with you.
You were not hungry.

You visited 1 branch of the dungeon, and saw 7 of its levels.
You visited the Abyss 1 time.
You also visited: Ossuary.

You collected 323 gold pieces.
You spent 247 gold pieces at shops.

Inventory:

Hand Weapons
 a - a +1 hand axe
 b - a +2 vampiric trident (weapon)
 r - a +2 spear of piercing
 u - a +2 war axe
Missiles
 y - 8 javelins (quivered)
Armour
 e - a +2 pair of gloves (worn)
 i - a +1 large shield (worn)
 v - a +1 chain mail (worn)
 A - a +0 helmet (worn)
 C - a +0 pair of boots (worn)
Jewellery
 f - a ring of protection from magic (left hand)
 D - an uncursed ring of see invisible
 E - a +2 ring of strength (right hand)
Wands
 p - a wand of disintegration (5/24)
Scrolls
 k - 3 scrolls of identify
 m - a scroll of blinking
 n - a scroll of teleportation
 q - a scroll of fear
 w - a scroll of remove curse
Potions
 d - 2 potions of might {unknown}
 g - 3 potions of haste
 l - a potion of cancellation
 o - 3 potions of brilliance {unknown}
 s - a potion of curing
 t - 2 potions of magic {unknown}
 x - 2 potions of heal wounds {unknown}
Books
 z - a book of Debilitation

   Spells                             Type                      Level
   a - Corona                         Hexes                        1
   b - Slow                           Hexes                        2
   c - Gell's Gravitas                Hexes/Translocation          3
   d - Inner Flame                    Hexes/Fire                   3
   e - Cause Fear                     Hexes                        4
   f - Leda's Liquefaction            Hexes/Earth                  4
Comestibles
 c - 2 meat rations
 h - 3 royal jellies
 j - a beef jerky
 B - 3 chunks of flesh


   Skills:
 + Level 5.6 Fighting
 + Level 4.1(5.2) Axes
   Level 2.2(3.5) Maces & Flails
 + Level 4.1(4.9) Polearms
 + Level 0.1 Throwing
 * Level 5.6 Armour
 + Level 2.5 Dodging
 + Level 3.8 Shields
 * Level 6.0 Invocations
 + Level 0.6 Evocations


You had 8 spell levels left.
You didn't know any spells.

Dungeon Overview and Level Annotations

Branches:
Dungeon (6/15)             Temple (0/1) D:6

Altars:
Ashenzari
Cheibriados
Makhleb
Trog
Zin
The Shining One

Shops:
D:9 =


Innate Abilities, Weirdness & Mutations

Your body is rotting away.
You thrive on raw meat.
You are immune to poison.
You have sharp fingernails.
You are carnivorous and can eat meat at any time.
Your flesh is cold resistant. (rC+)
You are immune to negative energy. (rN+++)
You regenerate slowly when monsters are visible.
You are immune to unholy pain and torment.
You can survive without breathing.


Message History

The orc priest is moderately wounded.
You block the orc warrior's attack.
The orc priest hits you but does no damage.
The orc warrior barely misses you.
You hit the orc priest.
You feel better.
The orc priest is heavily wounded.
The orc priest hits you but does no damage.
The orc warrior hits you with a mace!
* * * LOW HITPOINT WARNING * * *
You hit the orc priest but do no damage.
The orc priest is heavily wounded.
The orc priest hits you but does no damage.
The orc hits you with a mace of crushing.
* * * LOW HITPOINT WARNING * * *
x2 You block the orc warrior's attack.
You closely miss the orc priest.
The orc priest is heavily wounded.
The orc priest mumbles some strange prayers to Beogh against you.
Beogh smites you!
You die...

...## # ....## #.
...... #..#####....
....#.#..# #.)...# #
#)..## ##. ##oo.#
..# ##@o.#
#.####....## ....
#.........# ...
##..#####..# ##...
#.## #..#.... #.
##.# #....# #.. #.##
#####..###...
#..#####......#....#
#........>...[...#


You could see an orc warrior, an orc priest and an orc.

Vanquished Creatures
  Grinder (D:3)
  Eustachio (D:4)
  A water moccasin (D:6)
  A sky beast (D:6)
  An ice beast (D:6)
  2 eyes of draining (D:5)
  2 ogres
  A phantom (D:6)
  A centaur (D:6)
  The ghost of kasmir the Grave Robber, an amateur DsNe (D:3)
  A gnoll sergeant (D:5)
  A bullfrog (D:5)
  2 scorpions
  3 crimson imps (D:6)
  A bullfrog zombie (D:5)
  A centaur zombie (D:6)
  A hound (D:6)
  A bullfrog skeleton (D:5)
  An orc priest (D:9)
  A jelly (D:9)
  An orc wizard (D:9)
  2 iguanas
  Ijyb (D:2)
  3 worker ants
  A hound zombie (D:5)
  14 mummies (Ossuary)
  6 gnolls (D:5)
  5 adders
  An ooze (D:2)
  4 worms
  2 dart slugs
  3 leopard geckos
  12 orcs
  7 bats
  5 giant cockroaches
  5 goblins
  7 hobgoblins
  A jackal (D:5)
  6 quokkas
  3 ball pythons
  A ball python zombie (D:6)
  5 frilled lizards
  A gnoll skeleton (Ossuary)
  10 kobolds
  4 kobold skeletons (Ossuary)
  A leopard gecko zombie (D:4)
  3 orc skeletons (Ossuary)
  10 rats
  11 rat skeletons (Ossuary)
160 creatures vanquished.

Vanquished Creatures (others)
  The ghost of kasmir the Chopper, a novice DsEE of Okawaru (D:6)
1 creature vanquished.

Grand Total: 161 creatures vanquished

Notes
Turn   | Place    | Note
-------+----------+-------------------------------------------
     0 | Abyss:1  | Gargoyl the Ghoul Abyssal Knight began the quest for the Orb.
     0 | Abyss:1  | Reached XP level 1. HP: 19/19 MP: 1/1
   122 | Abyss:2  | Noticed a large abomination
   125 | Abyss:2  | Noticed a freezing wraith
   128 | Abyss:2  | Noticed a thrashing horror
   130 | D:1      | Escaped the Abyss
   169 | D:1      | Reached * piety under Lugonu
   238 | D:1      | Reached XP level 2. HP: 26/26 MP: 2/2
   466 | D:1      | Reached skill level 1 in Dodging
   469 | D:1      | Reached XP level 3. HP: 26/33 MP: 3/3
   878 | D:2      | Reached skill level 1 in Maces & Flails
   878 | D:2      | Reached XP level 4. HP: 34/40 MP: 4/4
   884 | D:2      | Reached ** piety under Lugonu
   905 | D:2      | Noticed Ijyb
   919 | D:2      | Killed Ijyb
   981 | D:2      | Found a faded altar of an unknown god.
   981 | D:2      | Found a glowing silver altar of Zin.
   987 | D:2      | Found a faded altar of an unknown god.
   989 | D:2      | Found a faded altar of an unknown god.
   994 | D:2      | Found a faded altar of an unknown god.
  1054 | D:2      | Found a glowing golden altar of the Shining One.
  1476 | D:3      | Noticed kasmir's ghost (amateur DsNe)
  1501 | D:3      | Reached XP level 5. HP: 45/46 MP: 4/6
  1526 | D:3      | Killed kasmir's ghost
  1526 | D:3      | Reached skill level 3 in Invocations
  1745 | D:3      | Noticed Grinder
  1755 | D:3      | Paralysed by Grinder for 7 turns
  1901 | D:3      | Paralysed by Grinder for 7 turns
  2105 | D:4      | Noticed Eustachio
  2176 | D:3      | Reached XP level 6. HP: 6/49 MP: 7/7
  2337 | D:3      | Paralysed by Grinder for 5 turns
  2349 | D:3      | Killed Grinder
  2349 | D:3      | Reached XP level 7. HP: 6/59 MP: 8/8
  2687 | D:4      | Reached skill level 4 in Invocations
  3212 | D:4      | Reached *** piety under Lugonu
  3212 | D:4      | Reached skill level 1 in Polearms
  3770 | D:4      | Killed Eustachio
  3770 | D:4      | Reached skill level 1 in Shields
  3797 | D:4      | Found a burning altar of Makhleb.
  4036 | D:5      | Entered Level 5 of the Dungeon
  4107 | D:5      | Reached XP level 8. HP: 67/67 MP: 0/10
  4116 | D:5      | Found a bloodstained altar of Trog.
  4620 | D:5      | Found a sand-covered staircase.
  4625 | Ossuary  | Entered an ossuary
  5118 | Ossuary  | Reached skill level 5 in Invocations
  5265 | Ossuary  | Reached **** piety under Lugonu
  5529 | D:5      | Found a snail-covered altar of Cheibriados.
  5612 | D:5      | Reached skill level 5 in Armour
  5768 | D:6      | Reached skill level 5 in Fighting
  6018 | D:6      | Reached XP level 9. HP: 64/74 MP: 12/12
  6176 | D:6      | Found a staircase to the Ecumenical Temple.
  6283 | D:6      | Found a shattered altar of Ashenzari.
  6309 | D:6      | Noticed kasmir's ghost (novice DsEE)
  6332 | D:6      | Banished kasmir's ghost
  6545 | D:6      | You fall through a shaft for 3 floors!
  6556 | D:9      | Found Eskoheme's Jewellery Shop.
  6619 | D:9      | Reached skill level 6 in Invocations
  6637 | D:9      | Bought an uncursed ring of see invisible for 165 gold pieces
  6637 | D:9      | Bought a +2 ring of strength for 82 gold pieces
  6666 | D:9      | Killed from afar by an orc priest

Skill      XL: |  1  2  3  4  5  6  7  8  9 |
---------------+----------------------------+-----
Armour         | 2 3 4 5 |  5.6
Dodging        | 1 2 |  2.5
Axes           | 2 3 4 |  4.1
Maces & Flails | 1 2 |  2.2
Fighting       | 4 5 |  5.6
Invocations    | 3 4 5 6 |  6.0
Polearms       | 1 3 4 |  4.1
Shields        | 1 3 |  3.8
Throwing       | |  0.1
Evocations     | |  0.6

Action                   |  1- 3 |  4- 6 |  7- 9 || total
-------------------------+-------+-------+-------++-------
Melee: Whip              |    83 |   123 |       ||   206
       Hand axe          |     4 |       |       ||     4
       War axe           |       |    71 |   144 ||   215
       Trident           |       |    27 |   649 ||   676
Throw: Javelin           |       |       |     2 ||     2
Invok: Depart the Abyss  |     1 |       |       ||     1
       Bend Space        |       |       |     1 ||     1
       Banish            |       |       |     1 ||     1
Evoke: Wand              |       |       |     7 ||     7
  Use: Scroll            |     6 |    11 |     8 ||    25
       Potion            |       |     9 |     1 ||    10
  Eat: Chunk             |    12 |    19 |    35 ||    66
Armor: Leather armour    |     5 |       |       ||     5
       Ring mail         |    39 |    26 |       ||    65
       Scale mail        |       |    43 |       ||    43
       Chain mail        |       |   148 |   592 ||   740
Dodge: Dodged            |    43 |   127 |    79 ||   249
Block: Large shield      |       |       |   571 ||   571
